Map: King's Cove LE

Players

Zanster - Winner!

  • Race: Zerg Zerg
  • Spawn Location: 11:00

Kas

  • Race: Terran Terran
  • Spawn Location: 5:00

Event: HomeStory Cup XIX

VOD

Have the link to the VOD?

Description

Time

  • Played on: June 28, 2019, 1:35 p.m.
  • Length: 11:52

All games in this series

Show
View Real Time Build Order
Export as new Build Order

Zanster Zerg - Winner!

Build Orders: Hatch First 

Get SALT Encoding   

  12  0:00  Drone  
  13  0:12  Overlord  
  13  0:17  Drone  
  14  0:31  Drone x2  
  16  0:50  Hatchery  
  16  0:52  Drone  
  16  0:56  Drone  
  17  1:00  Drone  
  18  1:10  Extractor  
  17  1:15  Spawning Pool  
  16  1:19  Drone  
  16  1:22  Drone  
  18  1:28  Drone  
  19  1:40  Drone  
  20  1:49  Drone  
  21  2:02  Queen x2  
  21  2:03  Zergling x4  
  27  2:19  Hatchery  
  26  2:24  Overlord  
  26  2:26  Drone  
  26  2:29  Drone  
  28  2:39  Metabolic Boost  
  28  2:41  Drone  
  28  2:42  Drone  
  28  2:47  Drone x2  
  28  2:49  Drone  
  31  2:55  Spore Crawler  
  30  2:59  Drone  
  30  3:01  Queen  
  34  3:06  Overlord  
  34  3:11  Drone  
  35  3:13  Overlord  
  35  3:24  Drone x4  
  39  3:27  Drone  
  39  3:28  Drone  
  39  3:30  Spore Crawler  
  39  3:31  Drone  
  42  3:40  Queen  
  42  3:41  Queen  
  44  3:43  Drone  
  44  3:45  Drone  
  48  3:49  Drone  
  48  3:55  Extractor  
  48  3:57  Zergling x10  
  48  3:58  Zergling x2  
  48  4:01  Zergling x2  
  48  4:02  Zergling x2  
  57  4:05  Overlord  
  57  4:07  Overlord  
  57  4:12  Overlord  
  57  4:20  Overlord  
  57  4:27  Drone x8  
  57  4:29  Overlord  
  65  4:35  Lair  
  65  4:36  Drone x2  
  65  4:38  Drone  
  67  4:46  Overlord  
  67  4:53  Zergling x16  
  67  4:58  Spine Crawler  
  67  4:59  Overlord  
  74  5:00  Spore Crawler  
  74  5:01  Zergling x2  
  74  5:02  Zergling x2  
  74  5:06  Zergling x6  
  76  5:15  Extractor  
  76  5:16  Extractor, Overlord  
  76  5:21  Overlord  
  71  5:26  Drone x10  
  80  5:31  Drone x2  
  82  5:36  Drone  
  82  5:38  Drone  
  83  5:45  Evolution Chamber  
  83  5:47  Drone x2  
  80  5:54  Evolution Chamber  
  80  5:55  Evolution Chamber  
  76  6:01  Drone x3  
  76  6:02  Drone x4  
  76  6:04  Drone, Hatchery  
  75  6:10  Drone  
  78  6:15  Drone x5, Hatchery  
  82  6:19  Baneling Nest  
  82  6:23  Zerg Ground Armor Level 1, Zerg Melee Weapons Level 1  
  81  6:26  Drone  
  81  6:27  Drone  
  81  6:28  Extractor  
  82  6:38  Zergling x2, Hatchery  
  82  6:39  Zergling x12  
  88  6:41  Zergling x4  
  88  6:44  Zergling x2  
  88  6:45  Zergling x2  
  92  6:48  Overlord  
  92  6:51  Zergling x2  
  93  6:56  Overlord  
  93  6:57  Zergling x6  
  93  7:01  Zergling x4  
  98  7:05  Baneling x7  
  98  7:06  Centrifical Hooks  
  98  7:07  Overlord  
  98  7:13  Zergling x14  
  105  7:16  Zergling x2, Spore Crawler  
  105  7:25  Zergling x12  
  105  7:29  Baneling x5, Overlord  
  96  7:49  Zergling x22  
  102  7:56  Zergling x10  
  99  8:09  Drone x5  
  104  8:16  Hatchery  
  104  8:19  Zerg Ground Armor Level 2, Zerg Melee Weapons Level 2  
  98  8:23  Zergling x18  
  105  8:32  Overseer  
  105  8:33  Baneling  
  105  8:34  Baneling x3  
  105  8:37  Zergling x8  
  105  8:38  Queen  
  105  8:39  Zergling x4  
  114  8:44  Baneling x8  
  114  8:49  Zergling x2  
  114  8:50  Zergling x8  
  119  8:57  Zergling x10  
  119  9:00  Overlord  
  123  9:09  Baneling  
  121  9:10  Baneling x9, Zergling x8  
  121  9:11  Zergling x8  
  121  9:14  Overlord  
  123  9:17  Zergling x8  
  123  9:20  Queen  
  123  9:22  Zergling x4  
  125  9:27  Zergling x4  
  115  9:45  Zergling x18  
  123  9:53  Overlord  
  123  9:55  Queen  
  123  9:57  Spire  
  124  10:04  Zergling x32  
  140  10:09  Overlord  
  133  10:21  Drone  
  133  10:22  Drone x8  
  133  10:24  Extractor  
  133  10:25  Extractor  
  140  10:41  Overlord  
  131  11:00  Zergling x20  
  131  11:01  Drone x9  
  149  11:07  Overlord  
  149  11:12  Mutalisk x8  
  149  11:14  Mutalisk, Hatchery  
  166  11:19  Mutalisk x3  
  166  11:22  Overlord  
  171  11:26  Zergling x8  
  171  11:28  Baneling x14  
Show
View Real Time Build Order
Export as new Build Order

Kas Terran 

Build Orders: Reaper Expand 

Get SALT Encoding   

  12  0:00  SCV  
  13  0:12  SCV  
  14  0:18  Supply Depot  
  14  0:24  SCV  
  15  0:39  SCV  
  15  0:41  Barracks  
  16  0:46  Refinery  
  16  0:51  SCV  
  17  1:03  SCV  
  18  1:15  SCV  
  19  1:29  Orbital Command, Reaper  
  20  1:41  Command Center  
  20  1:52  Supply Depot  
  20  1:55  SCV  
  21  2:01  Marine  
  21  2:07  SCV  
  23  2:09  Factory  
  23  2:19  SCV  
  23  2:20  Refinery  
  24  2:24  Barracks Reactor  
  24  2:34  SCV  
  25  2:48  SCV  
  26  3:00  Starport, SCV  
  27  3:09  Hellion x2  
  27  3:10  Orbital Command  
  31  3:17  Barracks Tech Lab, SCV  
  32  3:29  SCV  
  32  3:30  Hellion x2  
  37  3:36  SCV  
  37  3:37  Viking  
  37  3:39  Stimpack, Marine  
  37  3:41  SCV  
  42  3:48  SCV  
  42  3:50  Supply Depot  
  42  3:54  SCV  
  43  3:56  Marine  
  43  4:02  SCV  
  45  4:08  SCV  
  46  4:12  Supply Depot, Medivac  
  46  4:15  Marine  
  49  4:20  SCV  
  49  4:21  Barracks x2  
  49  4:22  SCV  
  51  4:24  Factory Reactor  
  51  4:28  Engineering Bay, Refinery  
  51  4:29  Engineering Bay  
  51  4:33  SCV  
  51  4:34  SCV  
  51  4:37  Marine  
  51  4:38  Supply Depot  
  54  4:45  SCV  
  55  4:50  SCV  
  56  4:54  Supply Depot  
  56  4:55  Terran Infantry Weapons Level 1, Terran Infantry Armor Level 1  
  56  4:57  SCV  
  57  5:02  Marine, SCV  
  57  5:09  Marine x2  
  54  5:15  Marine x2  
  54  5:16  Starport Reactor  
  54  5:20  Marine  
  52  5:22  SCV  
  52  5:27  Marine x2  
  55  5:30  SCV  
  55  5:33  Marine  
  55  5:34  SCV  
  56  5:40  Marine  
  56  5:41  Marine  
  58  5:44  Marine  
  58  5:47  Marine  
  58  5:48  Factory Tech Lab, Combat Shield  
  60  5:50  Marine  
  60  5:54  SCV  
  60  5:59  Marine x2  
  60  6:02  Marine  
  61  6:05  Marine  
  61  6:08  Marine, Supply Depot, Medivac x2  
  67  6:11  Armory, SCV  
  67  6:12  SCV  
  67  6:16  Marine  
  67  6:17  Marine  
  71  6:20  Marine  
  71  6:23  Marine  
  71  6:24  Supply Depot  
  73  6:26  SCV x2  
  73  6:27  Marine  
  73  6:28  Supply Depot  
  76  6:34  Marine x2  
  76  6:38  SCV  
  79  6:40  Marine x2, SCV  
  79  6:45  Marine  
  83  6:48  Supply Depot  
  83  6:52  Marine x2  
  85  6:58  Marine x2, Command Center  
  87  7:05  Terran Infantry Weapons Level 2  
  87  7:06  Terran Infantry Armor Level 2  
  87  7:08  Marine  
  88  7:10  SCV x2  
  88  7:12  Marine x2  
  92  7:15  Marine  
  92  7:18  Medivac  
  92  7:19  Medivac  
  97  7:35  Marine x2  
  97  7:36  Marine  
  93  7:40  Marine x2  
  95  7:48  Medivac  
  95  7:51  Siege Tank  
  94  7:52  Marine  
  94  7:53  Marine, SCV  
  94  7:54  Barracks, Marine  
  94  7:55  Barracks  
  97  8:04  Marine x2  
  98  8:06  SCV  
  98  8:07  SCV  
  98  8:10  Marine  
  98  8:11  Orbital Command  
  101  8:13  Marine  
  101  8:14  Refinery  
  101  8:24  SCV  
  101  8:25  SCV  
  101  8:33  Marine x2  
  103  8:35  Marine x2  
  103  8:36  Marine, SCV  
  103  8:37  Siege Tank, SCV  
  112  8:42  Orbital Command  
  112  8:44  Barracks Reactor x2  
  111  8:49  SCV x2  
  111  8:50  Marine  
  111  8:51  Marine  
  111  8:53  Marine  
  116  9:08  Marine x3  
  116  9:09  Marine  
  118  9:10  Marine  
  106  9:21  Marine x4  
  100  9:26  Marine x3  
  100  9:27  Marine  
  100  9:28  Marine  
  89  9:39  Marine x4  
  89  9:44  Marine x3  
  93  9:46  Marine  
  93  9:47  Siege Tank, SCV  
  93  9:48  SCV  
  93  9:49  SCV  
  100  9:59  SCV  
  101  10:00  SCV  
  101  10:01  SCV  
  103  10:11  SCV  
  103  10:12  Marine x2, SCV  
  103  10:14  Marine, SCV  
  103  10:22  Siege Tank, Marine x2  
  103  10:24  Drilling Claws  
  103  10:26  SCV, Factory  
  107  10:29  Marine x2  
  107  10:31  Medivac x2  
  107  10:32  SCV  
  107  10:34  Marine x2  
  116  10:37  SCV  
  116  10:38  SCV  
  118  10:43  Supply Depot  
  118  10:44  Supply Depot  
  118  10:45  Supply Depot  
  118  10:50  SCV  
  117  10:58  SCV  
  117  11:01  Marine  
  117  11:02  Marine x2  
  117  11:04  Marine  
  121  11:06  Thor  
  121  11:07  Marine x4  
  132  11:11  Command Center  
  132  11:12  Supply Depot  
  132  11:13  Marine  
  132  11:14  Supply Depot x2  
  132  11:16  Factory Reactor  
  132  11:18  Missile Turret, SCV  
  133  11:19  Marine  
  133  11:21  SCV  
  133  11:22  SCV  
  137  11:30  SCV  
  138  11:33  SCV  
Tags
 
Add a new tag
Caveats
  • Supply blocks, unpowered buildings, or Contaminate may cause inaccurate times.
  • Supply counts are checked every 10 seconds.